 Dungeon Crawl Stone Soup version 0.28-a0-381-g937acc2988 (webtiles) character file.

Game seed: 18244324922789870875

53 avis the Insei (level 3, -4/25 HPs)
             Began as an Octopode Transmuter on Sept 1, 2021.
             Killed by divine providence
             ... invoked by an orc priest
              (11 damage)
             ... on level 2 of the Dungeon.
             The game lasted 00:14:11 (2432 turns).

avis the Insei (Octopode Transmuter)                Turns: 2432, Time: 00:14:11

Health: -4/25      AC:  1    Str: 10    XL:     3   Next: 89%
Magic:  6/6        EV: 13    Int: 15    God:
Gold:   47         SH:  0    Dex: 12    Spells: 2/6 levels left

rFire   . . .      SeeInvis .   c - +0 dagger
rCold   . . .      Faith    .   (no shield)
rNeg    . . .      Spirit   .   (helmet restricted)
rPois   .          Reflect  .   (no amulet)
rElec   .          Harm     .   (no ring)
rCorr   .          Rampage  .   (no ring)
Will    .....                   (no ring)
Stlth   +++.......              (no ring)
HPRegen 0.08/turn               (no ring)
MPRegen 0.10/turn               (no ring)
                                (no ring)
                                (no ring)

@: no status effects
A: almost no armour, amphibious, 8 rings, camouflage 1, gelatinous body 1,
(nimble swimmer 1), tentacles
a: no special abilities


You were on level 2 of the Dungeon.
You visited 1 branch of the dungeon, and saw 2 of its levels.

You collected 47 gold pieces.

Inventory:

Hand Weapons
 c - a +0 dagger (weapon)
 m - a +0 hunting sling
Missiles
 a - 40 stones
 i - 2 boomerangs (quivered)
 j - 26 arrows
Jewellery
 e - a ring of resist corrosion
Scrolls
 d - a scroll of teleportation {unknown}
 f - a scroll of enchant weapon {unknown}
 g - a scroll of enchant armour {unknown}
 h - a scroll of immolation {unknown}
 k - a scroll of blinking {unknown}
 l - a scroll of acquirement {unknown}
Potions
 b - 2 potions of curing {unknown}


   Skills:
 * Level 2.8 Fighting
 - Level 2.0 Dodging
 - Level 3.0 Stealth
 - Level 3.0 Unarmed Combat
 - Level 2.0 Spellcasting
 - Level 2.0 Transmutations


You had 2 spell levels left.
You knew the following spells:

 Your Spells              Type           Power      Damage    Failure   Level
a - Beastly Appendage     Tmut           14%        N/A       10%         1
p - Spider Form           Tmut/Pois      2%         N/A       41%         3

Your spell library contained the following spells:

 Spells                   Type           Power      Damage    Failure   Level
 Wereblood                Tmut           7%         N/A       14%         2
 Ice Form                 Ice/Tmut       4%         N/A       82%         4


Dungeon Overview and Level Annotations

Branches:
Dungeon (2/15)

Altars:

Annotations:
D:2 Sigmund


Innate Abilities, Weirdness & Mutations

You cannot wear most types of armour.
You are amphibious.
You can wear up to eight rings at the same time.
Your skin changes colour to match your surroundings (Stealth+).
Your rubbery body absorbs attacks. (AC +1, EV +1)
((You are camouflaged near water. (Stealth+)))
You have tentacles for arms and can constrict up to eight enemies at once.


Message History

A quokka comes into view.
Casting: Beastly Appendage (safe; 10% risk of failure)
Confirm with . or Enter, or press ? or * to list all spells.
One of your tentacles grows a vicious spike.
You hit the quokka but do no damage. Your grab misses the quokka.
The quokka barely misses you.
You hit the quokka but do no damage. You grab the quokka.
You pierce the quokka.
Your tentacle-slap misses the quokka.
The quokka is lightly wounded.
You constrict the quokka, but do no damage.
The quokka bites you.
You hit the quokka but do no damage. You tentacle-slap the quokka.
The quokka is almost dead.
You constrict the quokka.
You kill the quokka!
You see here a quokka corpse.
Your transformation is almost over.
Your tentacle spike disappears.
Found a stone staircase leading down.
Sigmund the Dreaded comes into view.
He is wielding a +0 scythe.
Press: ? - help, . - travel You can't see that place. [the floor.] Placed new exclusion.
An orc is nearby!
An orc priest comes into view. It is wielding a +0 mace.
The orc priest shouts!
You hear a shout!
The orc shouts!
The orc throws a boomerang.
The boomerang misses you.
The orc throws a boomerang.
The boomerang closely misses you.
The orc throws a boomerang.
The boomerang hits you.
The orc throws a boomerang.
The boomerang barely misses you.
The orc priest shouts!
The orc throws a boomerang.
The boomerang barely misses you.
The orc throws a boomerang.
The boomerang hits you.
The orc throws a boomerang.
The boomerang hits you.
The orc throws a boomerang.
The boomerang hits you!
* * * LOW HITPOINT WARNING * * *
The orc priest mumbles some strange prayers to Beogh against you.
Beogh smites you!
You die...

..##.#..#.##.#.#.##..#######....(
..##.#..#.##.....##..##..@.......
.###.#.....#.##..##..##.# #.#.#
.# #.#.......##..##..##.## #.#.##
.# #.#.....#.............# #.#<..
####'#.....#.###>##..##..###.#.##
....†..........................##
...........#####.##..##..###.#.##
...........#####@##..##..###.#.##
.............................#.##
.....o......####...............##
###......................#####.##
.....#.#.#.......................
######.......##..................
.............###o.#..###.########
######.#.#.o.###o.#..# #.# #
#.#.#...........# #.# #


You could see an orc priest and an orc.

Vanquished Creatures
  A gnoll (D:1)
  A worm (D:2)
  3 dart slugs
  An orc (D:2)
  5 endoplasms
  2 giant cockroaches
  A goblin (D:1)
  2 jackals (D:2)
  A kobold (D:1)
  3 quokkas
  4 ball pythons
  3 bats (D:1)
  2 frilled lizards (D:1)
  5 rats (D:1)
34 creatures vanquished.

Notes
Turn   | Place    | Note
-------+----------+-------------------------------------------
     0 | D:1      | avis the Octopode Transmuter began the quest for the Orb.
     0 | D:1      | Reached XP level 1. HP: 13/13 MP: 3/3
   144 | D:1      | Reached skill level 1 in Stealth
   256 | D:1      | Reached XP level 2. HP: 18/18 MP: 3/5
   707 | D:2      | Reached XP level 3. HP: 6/24 MP: 6/6
   945 | D:2      | Learned a level 3 spell: Spider Form
  2338 | D:2      | Noticed Sigmund
  2432 | D:2      | Killed from afar by an orc priest

Illustrated notes

Levels and vault maps discovered:
D:1:      dpeg_arrival_fog, layout_basic, minmay_misc_feat_diagonals
D:2:      layout_basic, basic_altar, uniq_sigmund

Skill      XL: |  1  2  3 |
---------------+----------+-----
Stealth        | 2 3 |  3.0
Fighting       | 2 |  2.8
Dodging        | |  2.0
Unarmed Combat | |  3.0
Spellcasting   | |  2.0
Transmutations | |  2.0

Action                   || total
-------------------------++-------
Melee: Unarmed           ||    21
       Kick              ||    18
       Tentacles         ||    12
       Constrict         ||    15
       Dagger            ||    50
       Punch             ||     2
 Cast: Beastly Appendage ||    28
       Spider Form       ||     3
 Stab: Sleeping          ||    14
Armor: Skin              ||     8
Dodge: Dodged            ||    31

Table legend: (Time is in decaauts)
 A = Elapsed time spent in this place.
 B = Non-inter-level travel time spent in this place.
 C = Inter-level travel time spent in this place.
 D = Time resting spent in this place.
 E = Time spent auto-exploring this place.
 F = Levels seen in this place.
 G = Mean time per level.
                   A        B        C        D        E       F      G
               +--------+--------+--------+--------+--------+-----+--------+
         Total |   2433 |   2272 |    161 |    830 |    842 |   2 | 1216.5 |
       Dungeon |   2433 |   2272 |    161 |    830 |    842 |   2 | 1216.5 |
               +--------+--------+--------+--------+--------+-----+--------+

Top non-repeatable levels by time:
     D:1: 1343 daAuts
     D:2: 1090 daAuts
